 Dungeon Crawl Stone Soup version 0.22-a0-553-g9358b0b (webtiles) character file.

264 iamserjio the Ruffian (level 5, 0/46 HPs)
             Began as a Draconian Monk on June 25, 2018.
             Slain by a worker ant (1 damage)
             ... on level 4 of the Dungeon.
             The game lasted 00:06:44 (841 turns).

iamserjio the Ruffian (Draconian Monk)               Turns: 841, Time: 00:06:44

Health: 0/46       AC:  5    Str: 14    XL:     5   Next: 98%
Magic:  5/5        EV: 13    Int: 11    God:
Gold:   88         SH:  0    Dex: 13    Spells: 4/4 levels left

rFire    . . .     SeeInvis .     - Unarmed
rCold    . . .     Gourm    .   (no shield)
rNeg     . . .     Faith    .   (armour unavailable)
rPois    .         Spirit   .   (helmet restricted)
rElec    .         Reflect  .   (no cloak)
rCorr    .         Harm     .   (no gloves)
MR       .....                  (no boots)
Stlth    ++........             (no amulet)
HPRegen  0.15/turn              (no ring)
MPRegen  0.09/turn              (no ring)

@: no status effects
A: unfitting armour, cold-blooded, AC +5
a: no special abilities


You were on level 4 of the Dungeon.
You were not hungry.

You visited 1 branch of the dungeon, and saw 4 of its levels.

You collected 88 gold pieces.

Inventory:

Hand Weapons
 b - a +0 short sword of protection
 e - a +0 hunting sling
Missiles
 c - 12 stones
 f - 2 throwing nets (quivered) {!f}
 i - 3 tomahawks
Jewellery
 g - an uncursed ring of fire {unknown}
Comestibles
 a - 4 rations


   Skills:
 + Level 3.9 Fighting
 - Level 2.6 Dodging
 - Level 1.7 Stealth
 + Level 6.4 Unarmed Combat


You had 4 spell levels left.
You didn't know any spells.
Your spell library was empty.

Dungeon Overview and Level Annotations

Branches:
Dungeon (3/15)             Temple (0/1) D:4

Altars:
Elyvilon
Fedhas
Qazlal


Innate Abilities, Weirdness & Mutations

Your plain brown scales are hard. (AC +5)
You cannot fit into any form of body armour.
You are cold-blooded and may be slowed by cold attacks.


Message History

* * * LOW HITPOINT WARNING * * *
You punch the orc!
You kill the orc!
The orc hits you but does no damage.
You see here 9 gold pieces.
The worker ant bites you but does no damage.
An orc wizard comes into view. It is wielding a dagger.
An orc priest comes into view. It is wielding a trident.
An ogre comes into view. It is wielding a giant club.
Unknown command.
The orc priest shouts!
The orc wizard shouts!
The ogre shouts!
You hit the worker ant but do no damage.
You hear a shout!
The worker ant bites you.
* * * LOW HITPOINT WARNING * * *
The orc closely misses you.
You barely miss the worker ant. You tail-slap the worker ant.
The worker ant is moderately wounded.
The worker ant bites you.
You die...

########### ))........###
.######.....#
....###.###.########**********
........# #.......(.,,,,,,,,,*
..#.###.###.########********,*
..............oa@.# *,*
.#######..#.#####.#******* *,* .#
#..#.# *,...,,,,,***,*** .#
#..#.# *,##...,,,,,,,,,*
.#######..#.# *,**...o.*>,*,*,**
....$.)...#.#***888*.o..**,,,,,,*
.#######..#..,,8,,,8,...*,,*,*,,*
.# #..###**8,>,8..O.,,,,,,,,* ##
#h.# *8,,.8.***,*,*,**,*


You could see an ogre, a worker ant, an orc priest, an orc wizard and an orc.

Vanquished Creatures
  A howler monkey (D:4)
  An orc priest (D:4)
  Jessica (D:3)
  A bullfrog skeleton (D:4)
  2 orc wizards (D:4)
  A worker ant (D:4)
  An adder (D:2)
  A worm (D:2)
  2 dart slugs (D:1)
  11 orcs (D:4)
  3 bats
  5 giant cockroaches
  A hobgoblin (D:3)
  3 jackals (D:4)
  2 kobolds (D:1)
  3 frilled lizards
  5 goblins
  A quokka skeleton (D:4)
  3 rats
48 creatures vanquished.

Notes
Turn   | Place    | Note
-------+----------+-------------------------------------------
     0 | D:1      | iamserjio the Draconian Monk began the quest for the Orb.
     0 | D:1      | Reached XP level 1. HP: 19/19 MP: 1/1
    71 | D:1      | Reached XP level 2. HP: 23/26 MP: 2/2
   112 | D:2      | Found a faded altar of an unknown god.
   151 | D:2      | Reached skill level 4 in Unarmed Combat
   209 | D:1      | Reached XP level 3. HP: 16/31 MP: 3/3
   316 | D:3      | Found a blossoming altar of Fedhas.
   322 | D:3      | Found a stormy altar of Qazlal.
   444 | D:3      | Noticed Jessica
   452 | D:3      | Found a white marble altar of Elyvilon.
   461 | D:3      | Killed Jessica
   552 | D:3      | You fall through a shaft!
   553 | D:4      | Noticed a hand axe
   553 | D:4      | Noticed a hand axe
   563 | D:4      | Reached XP level 4. HP: 34/38 MP: 4/4
   573 | D:4      | Reached skill level 5 in Unarmed Combat
   654 | D:4      | Reached XP level 5. HP: 43/45 MP: 5/5
   758 | D:4      | Reached skill level 6 in Unarmed Combat
   814 | D:4      | HP: 2/46 [orc/flail (1)]
   839 | D:4      | Noticed an ogre
   840 | D:4      | HP: 1/46 [worker ant (5)]
   841 | D:4      | Slain by a worker ant

Vault maps used:
D:1:      elethiomel_arrival_quiet, minmay_pentomino_r2
D:2:      chequers_ecumenical_altar_simple
D:3:      grunt_temple_overflow_magic_moments, kennysheep_ying_yang,
          grunt_temple_overflow_forces_of_nature, first_ration,
          kennysheep_generic_room_16, uniq_jessica
D:4:      dancing_weapons_uskayaw, minmay_temple_entry_statues

Skill      XL: |  1  2  3  4  5 |
---------------+----------------+-----
Unarmed Combat | 4 5 6 |  6.4
Fighting       | |  3.9
Dodging        | |  2.6
Stealth        | |  1.7

Action                   |  1- 3 |  4- 6 || total
-------------------------+-------+-------++-------
Melee: Unarmed           |    19 |   108 ||   127
       Short sword       |    89 |       ||    89
       Tailslap          |    16 |    20 ||    36
       Punch             |     2 |     3 ||     5
  Use: Potion            |     1 |       ||     1
       Scroll            |       |     2 ||     2
 Stab: Sleeping          |     1 |       ||     1
Armor: Skin              |    38 |    12 ||    50
Dodge: Dodged            |    63 |    60 ||   123

Table legend:
 A = Spawn XP
 B = Non-spawn XP
 C = Spawn XP percentage of total XP
 D = Spawn monster count
 E = Non-spawn monster count
 F = Spawn count percentage of total count
 G = Total turns spent on level
                    A         B        C        D         E        F      G
               +---------+---------+-------+---------+---------+-------+---------
         Total |       0 |     378 |   0.0 |       0 |      48 |   0.0 |   841
               +---------+---------+-------+---------+---------+-------+---------
           D:1 |       0 |      18 |   0.0 |       0 |       8 |   0.0 |    93
           D:2 |       0 |      31 |   0.0 |       0 |       9 |   0.0 |   243
           D:3 |       0 |      46 |   0.0 |       0 |       7 |   0.0 |   216
           D:4 |       0 |     283 |   0.0 |       0 |      24 |   0.0 |   289
               +---------+---------+-------+---------+---------+-------+---------
